 Dungeon Crawl Stone Soup version 0.29.1-12-g30fa7ad0bf (webtiles) character file.

Game seed: 3710469551069077932

54 Woods the Trooper (level 3, 0/24 HPs)
             Began as a Gargoyle Fighter on Dec 23, 2022.
             Killed by nerve-wracking pain
             ... invoked by Jessica
              (3 damage)
             ... on level 2 of the Dungeon.
             The game lasted 00:02:05 (1292 turns).

Woods the Trooper (Gargoyle Fighter)                Turns: 1292, Time: 00:02:06

Health: 0/24       AC: 10    Str: 19    XL:     3   Next: 91%
Magic:  3/3        EV:  9    Int:  8    God:
Gold:   53         SH:  4    Dex: 11    Spells: 2/2 levels left

rFire   . . .      SeeInvis .   a - +0 flail
rCold   . . .      Faith    .   c - +0 buckler
rNeg    + . .      Spirit   .   b - +0 scale mail
rPois   ∞          Reflect  .   (no helmet)
rElec   +          Harm     .   (no cloak)
rCorr   .          Rampage  .   (no gloves)
Will    .....                   (no boots)
Stlth   ..........              (no amulet)
HPRegen 0.08/turn               (no ring)
MPRegen 0.08/turn               (no ring)

@: no status effects
A: sickness immunity, AC +3, negative energy resistance 1, electricity
resistance, torment resistance 1, petrification resistance
a: no special abilities


You were on level 2 of the Dungeon.
You visited 1 branch of the dungeon, and saw 2 of its levels.

You collected 53 gold pieces.

Inventory:

Hand Weapons
 a - a +0 flail (weapon)
Armour
 b - a +0 scale mail (worn)
 c - a +0 buckler (worn)
Jewellery
 k - a ring of wizardry
Scrolls
 e - a scroll of immolation {unknown}
 f - a scroll of magic mapping {unknown}
 g - 3 scrolls of identify {unknown}
Potions
 d - a potion of might
 h - a potion of mutation {unknown}
 i - a potion of degeneration {unknown}
 j - a potion of berserk rage {unknown}


   Skills:
 + Level 4.0 Fighting
 + Level 2.8 Maces & Flails
 - Level 3.6 Armour
 - Level 3.6 Shields


You had 2 spell levels left.
You didn't know any spells.
Your spell library was empty.

Dungeon Overview and Level Annotations

Branches:
Dungeon (2/15)

Altars:

Annotations:
D:2 Jessica


Innate Abilities, Weirdness & Mutations

You are immune to sickness and miasma.
Your stone body is resilient. (AC +3)
You are immune to poison.
You resist negative energy. (rN+)
You are resistant to electric shocks. (rElec)
You are resistant to unholy torment.
You are immune to petrification.


Message History

Jessica blinks!
You hit the orc but do no damage.
The orc is severely wounded.
The orc hits you but does no damage. The orc barely misses you.
The orc hits you with a +0 mace.
* * * LOW HITPOINT WARNING * * *
The orc barely misses you.
You hit the orc.
You kill the orc!
The orc hits you with a +0 mace.
* * * LOW HITPOINT WARNING * * *
Things that are here:
a +0 dagger; a +0 ring mail Jessica gestures wildly while chanting.
Jessica blinks!
The orc attacks as you move away! The orc hits you but does no damage.
The orc attacks as you move away! The orc hits you but does no damage.
The orc attacks as you move away! The orc barely misses you.
The orc attacks as you move away! You block the orc's attack.
The orc attacks as you move away! The orc barely misses you.
The orc attacks as you move away! The orc misses you.
The orc attacks as you move away! The orc barely misses you.
Jessica is no longer moving quickly.
Jessica mumbles some strange words.
Jessica seems to speed up.
The orc attacks as you move away! The orc hits you but does no damage.
Jessica shouts, "Stop bothering me, or I'll kill you!"
The orc attacks as you move away! The orc hits you but does no damage.
The orc attacks as you move away! The orc hits you but does no damage.
The orc attacks as you move away! The orc hits you but does no damage.
The orc attacks as you move away! The orc hits you with a +0 mace.
* * * LOW HITPOINT WARNING * * *
Jessica grins evilly.
The orc attacks as you move away! You block the orc's attack.
You block Jessica's attack. Jessica hits you but does no damage.
You see here a ball python skeleton.
Jessica casts a spell at you. Pain shoots through your body!
You die...

..<# #.# ##.#######.# #### #.#
#.# #@# ######.# ##.## #..
#...<..# #...# ###
######)####.# #...######
.........##.# #.........
.......#.##.## #####...#####.
.......#.##..#####...........#
.......#.##.....@@o...........
......##.###.#####...........#
....<....# #.# #####...#####
########## #.# #..... #.#
#...### #.# #...# #.# ##(##
#.#


You could see Jessica (fast) and an orc.

Vanquished Creatures
  An orc wizard (D:2)
  2 orcs (D:2)
  2 ball pythons
  4 endoplasms
  2 goblins
  4 hobgoblins
  A quokka (D:2)
  3 bats
  A frilled lizard (D:2)
  3 kobolds
  2 rats
25 creatures vanquished.

Notes
Turn   | Place    | Note
-------+----------+-------------------------------------------
     0 | D:1      | Woods the Gargoyle Fighter began the quest for the Orb.
     0 | D:1      | Reached XP level 1. HP: 14/14 MP: 1/1
   534 | D:1      | Reached XP level 2. HP: 11/19 MP: 2/2
  1194 | D:2      | Reached XP level 3. HP: 22/24 MP: 3/3
  1244 | D:2      | Noticed Jessica
  1256 | D:2      | Reached skill level 4 in Fighting
  1264 | D:2      | HP: 1/24 [orc/+0 mace (5)]
  1292 | D:2      | Killed from afar by Jessica

Illustrated notes

Levels and vault maps discovered:
D:1:      minmay_arrival_four_circles, layout_loops_ring
D:2:      layout_loops_cross, serial_shops, nicolae_square_shop, uniq_jessica

Skill      XL: |  1  2  3 |
---------------+----------+-----
Fighting       | 4 |  4.0
Maces & Flails | |  2.8
Armour         | |  3.6
Shields        | |  3.6

Action                   || total
-------------------------++-------
Melee: Flail             ||    78
Armor: Scale mail        ||    64
Dodge: Dodged            ||    50
Block: Buckler           ||    20
